 Dungeon Crawl Stone Soup version 0.21-a0-227-g58a7c62 (webtiles) character file.

192 Chiseanne the Shooter (level 6, -1/37 HPs)
             Began as a Kobold Wanderer on Aug 31, 2017.
             Slain by a bullfrog (9 damage)
             ... on level 4 of the Dungeon.
             The game lasted 00:12:32 (3931 turns).

Chiseanne the Shooter (Kobold Wanderer)             Turns: 3931, Time: 00:12:33

Health: -1/37      AC:  6    Str:  9    XL:     6   Next: 2%
Magic:  8/8        EV: 15    Int: 15    God:
Gold:   135        SH:  0    Dex: 15    Spells: 7/7 levels left

rFire    . . .     SeeInvis .   a - +0 long sword
rCold    . . .     Gourm    .   (shield restricted)
rNeg     . . .     Faith    .   p - +3 leather armour
rPois    +         Spirit   .   (no helmet)
rElec    .         Reflect  .   (no cloak)
rCorr    .         Harm     +   (no gloves)
MR       .....                  (no boots)
Stlth    +.........             s - amulet of harm
HPRegen  0.12/turn              x - ring of poison resistance
MPRegen  0.11/turn              (no ring)

@: no status effects
A: carnivore 3
a: no special abilities


You were on level 4 of the Dungeon.
You were very full.

You visited 1 branch of the dungeon, and saw 4 of its levels.

You collected 135 gold pieces.

Inventory:

Hand Weapons
 a - a +0 long sword (weapon)
 q - a +2 blowgun
 w - a +0 shortbow
Missiles
 e - 70 arrows
 i - 69 stones (quivered)
 j - 23 sling bullets
 k - a curare-tipped needle
 l - 12 poisoned needles
 n - 12 bolts
Armour
 p - a +3 leather armour (worn)
Jewellery
 s - an amulet of harm (around neck)
 x - a ring of poison resistance (left hand)
Scrolls
 d - a scroll of blinking
 v - a scroll of recharging
 y - a scroll of teleportation
Potions
 b - 2 potions of brilliance
 f - 2 potions of heal wounds
 h - a potion of mutation {unknown}
 m - a potion of curing
 r - a potion of agility
 u - a potion of berserk rage {unknown}
Books
 c - the Compendium of Clay

   Spells                             Type                      Level
   a - Sandblast                      Earth                        1
   b - Stone Arrow                    Conjuration/Earth            3
Comestibles
 g - 3 meat rations
 o - 2 royal jellies


   Skills:
 * Level 3.1 Fighting
 * Level 4.0 Bows
 - Level 1.5 Throwing
 * Level 1.2 Armour
 * Level 3.1 Dodging
 - Level 1.4 Spellcasting
   Level 2.0 Necromancy
   Level 1.0 Ice Magic
   Level 1.2 Evocations


You had 7 spell levels left.
You didn't know any spells.

Dungeon Overview and Level Annotations

Branches:
Dungeon (4/15)
 Temple: D:4-7

Altars:
Ashenzari

Shops:
D:4 }(

Annotations:
D:3 dricus's ghost, amateur HuBe


Innate Abilities, Weirdness & Mutations

You are small and have problems with some larger weapons.
You are carnivorous and can eat meat at any time.


Message History

The bullfrog hits you!
You hit the bullfrog.
The bullfrog is heavily wounded.
The bullfrog completely misses you. The bullfrog hits you.
You closely miss the bullfrog.
The bullfrog is heavily wounded.
The bullfrog barely misses you. x2
You hit the bullfrog.
The bullfrog is heavily wounded.
The bullfrog hits you but does no damage.
The bullfrog misses you.
You slash the bullfrog!
The bullfrog is almost dead.
The bullfrog hits you. x2
You closely miss the bullfrog.
The bullfrog is almost dead.
The bullfrog hits you.
* * * LOW HITPOINT WARNING * * *
The bullfrog hits you!
You die...

.......# # . ..PPP.#.#
.#.#######..∩P.#.###
..#8#......[PP....... ..
#.# #.......... ###.# #.#
###...#... ....# #.#
###.#.# <...# #.# #.FS# #
###.####.#.#####@### #
#....#.........#
#.##.####....#.#
#..#.#..#.##.#.#
#####...∩......#.#.#
...##.##.##.....##..
......##.###.##.########
.#.####......##.........
.#.#
##.....##################


You could see a bullfrog and an adder.

Vanquished Creatures
  An orc wizard (D:3)
  A bullfrog skeleton (D:4)
  6 adders
  An ooze (D:1)
  A worm (D:3)
  A dart slug (D:1)
  A leopard gecko (D:3)
  7 orcs
  8 hobgoblins
  2 quokkas
  A ball python (D:3)
  3 bats
  7 frilled lizards
  8 goblins
  12 kobolds
  10 rats
70 creatures vanquished.

Notes
Turn   | Place    | Note
-------+----------+-------------------------------------------
     0 | D:1      | Chiseanne the Kobold Wanderer began the quest for the Orb.
     0 | D:1      | Chiseanne set off with: a curare-tipped needle, a +2 blowgun, the Compendium of Clay, a +0 shortbow, 25 arrows, a +0 robe, a meat ration
     0 | D:1      | Reached XP level 1. HP: 12/12 MP: 1/1
     1 | D:1      | Identified the Compendium of Clay
     1 | D:1      | wingboner: Do a dozen zigs..
     1 | D:1      | Chiseanne: nah
     1 | D:1      | Chiseanne: I dont want it THAT bad
     1 | D:1      | wingboner: Kek.
   266 | D:1      | Reached XP level 2. HP: 13/17 MP: 2/2
   559 | D:1      | Reached skill level 1 in Spellcasting
   658 | D:1      | Chiseanne: I had a good naga venom mage going but sunk it in V:3
   667 | D:1      | Reached skill level 1 in Dodging
   722 | D:1      | Reached XP level 3. HP: 14/21 MP: 4/4
   915 | D:1      | wingboner: I've abandoned a couple of powerful characters well into hells after being abyssed. Trying to finish that duhz.
   993 | D:1      | wingboner: Just killed your MiBe on d8.
   993 | D:1      | Chiseanne: to finish what?
   993 | D:1      | wingboner: ??duhz
   993 | D:1      | wingboner: Ah, no bot.
   993 | D:1      | Chiseanne: :D
   993 | D:1      | Chiseanne: so what is it?
  1032 | D:1      | wingboner: beem: duhz[1/4]: Win a game by going through dungeon, depths, hell and zot, and nowhere else. You must get all 4 hell runes, kill all 4 hell lords, and kill the serpent of hell. You are allowed to enter temple and any portals, but not abyss (even by banishment).
  1068 | D:1      | Chiseanne: oh
  1068 | D:1      | Chiseanne: I'd call that ambitious
  1271 | D:2      | wingboner: I've had: got 4 runes, got to zot:5, banished by an alich through MR+++. Get 2 runes, banished by a reaper. Get 2 runes, banished by a panlord in zig.
  1271 | D:2      | Chiseanne: phew
  1271 | D:2      | wingboner: And some lesser ones.
  1271 | D:2      | Chiseanne: jesus...thats so rude of them!
  1538 | D:2      | Reached XP level 4. HP: 18/27 MP: 4/6
  2471 | D:3      | Noticed dricus's ghost (amateur HuBe)
  2748 | D:3      | Reached XP level 5. HP: 32/32 MP: 7/7
  2752 | D:3      | Reached skill level 1 in Armour
  3474 | D:3      | Found a shattered altar of Ashenzari.
  3478 | D:3      | Saw a vision of the Shoals and the Spider Nest.
  3478 | D:3      | Noticed a sea snake
  3478 | D:3      | Noticed a sea snake
  3478 | D:3      | Noticed a merfolk siren
  3478 | D:3      | Noticed a sea snake
  3478 | D:3      | Noticed a sea snake
  3478 | D:3      | Noticed a sea snake
  3478 | D:3      | Noticed a merfolk siren
  3478 | D:3      | Noticed a redback
  3479 | D:3      | Noticed a merfolk siren
  3481 | D:3      | Noticed a redback
  3631 | D:3      | Reached skill level 4 in Bows
  3747 | D:4      | Reached XP level 6. HP: 30/37 MP: 8/8
  3823 | D:4      | Found Xyemabut's Gadget Emporium.
  3912 | D:4      | Found Adumaq's Antique Weapon Emporium.
  3931 | D:4      | Slain by a bullfrog

Vault maps used:
D:1:      dpeg_arrival_arbitrary_c, minmay_tromino_v2
D:3:      grunt_ashenzari_visionary
D:4:      first_bread, serial_shops, shop, nicolae_shop_statue_plus,
          nicolae_shop_overgrown_old_shop, nicolae_shop_crystal,
          kennysheep_little_box

Skill      XL: |  1  2  3  4  5 |
---------------+----------------+-----
Spellcasting   | 1 |  1.4
Dodging        | 1 2 3 |  3.1
Armour         | 1 |  1.2
Fighting       | 3 |  3.1
Bows           | 4 |  4.0
Throwing       | |  1.5
Necromancy     | |  2.0
Ice Magic      | |  1.0
Evocations     | |  1.2

Action                   |  1- 3 |  4- 6 || total
-------------------------+-------+-------++-------
Melee: Short sword       |    12 |       ||    12
       Hand axe          |     1 |    17 ||    18
       Long sword        |       |    34 ||    34
 Fire: Shortbow          |    93 |    99 ||   192
       Blowgun           |     1 |       ||     1
  Use: Potion            |     3 |       ||     3
       Scroll            |       |     7 ||     7
  Eat: Chunk             |     3 |    14 ||    17
Armor: Robe              |     5 |       ||     5
       Leather armour    |       |    26 ||    26
Dodge: Dodged            |    34 |    68 ||   102
       Rpst.: Long sword |       |     5 ||     5

Table legend:
 A = Spawn XP
 B = Non-spawn XP
 C = Spawn XP percentage of total XP
 D = Spawn monster count
 E = Non-spawn monster count
 F = Spawn count percentage of total count
 G = Total turns spent on level
                    A         B        C        D         E        F      G
               +---------+---------+-------+---------+---------+-------+---------
         Total |      38 |     237 |  13.8 |      15 |      55 |  21.4 |  3931
               +---------+---------+-------+---------+---------+-------+---------
           D:1 |       5 |      42 |  10.6 |       3 |      23 |  11.5 |  1180
           D:2 |      28 |      57 |  32.9 |      11 |      12 |  47.8 |  1495
           D:3 |       5 |      99 |   4.8 |       1 |      19 |   5.0 |  1040
           D:4 |       0 |      39 |   0.0 |       0 |       1 |   0.0 |   216
               +---------+---------+-------+---------+---------+-------+---------
